 Seeded DCSS version 0.29-a0-1023-g6ae1a4a2c7 (webtiles) character file.

Game seed: 2560009851342718327 (custom seed)

133 mathmaestro the Grave Robber (level 4, -3/34 HPs)
             Began as a Demonspawn Necromancer on Aug 11, 2022.
             Slain by Ijyb
             ... wielding a +0 club
              (6 damage)
             ... on level 3 of the Dungeon.
             The game lasted 00:06:20 (2545 turns).

mathmaestro the Grave Robber (DsNe)                 Turns: 2545, Time: 00:06:21

Health: -3/34      AC:  5    Str:  8    XL:     4   Next: 94%
Magic:  0/8        EV:  8    Int: 18    God:
Gold:   245        SH:  0    Dex: 14    Spells: 1/9 levels left

rFire   . . .      SeeInvis .   j - +1 dagger (venom)
rCold   . . .      Faith    .   (no shield)
rNeg    . . .      Spirit   .   k - +0 leather armour
rPois   .          Reflect  .   (no helmet)
rElec   .          Harm     .   (no cloak)
rCorr   .          Rampage  .   (no gloves)
Will    .....                   (no boots)
Stlth   ++........              (no amulet)
HPRegen 0.11/turn               (no ring)
MPRegen 0.11/turn               (no ring)

@: grasped by roots, constricted
A: thin metallic scales 1, demonic touch 2
a: no special abilities


You were on level 3 of the Dungeon.
You visited 1 branch of the dungeon, and saw 3 of its levels.

You collected 245 gold pieces.

Inventory:

Hand Weapons
 e - a +0 hand axe
 j - a +1 dagger of venom (weapon)
Armour
 k - a +0 leather armour (worn)
Scrolls
 c - 2 scrolls of teleportation {unknown}
 g - 4 scrolls of identify {unknown}
Potions
 b - a potion of magic
 d - a potion of resistance {unknown}
 f - a potion of berserk rage {unknown}
 h - 3 potions of degeneration {unknown}
 i - a potion of attraction {unknown}
 l - 2 potions of haste {unknown}


   Skills:
 + Level 2.4 Fighting
 - Level 2.0 Dodging
 - Level 2.0 Stealth
 + Level 3.0 Spellcasting
 + Level 5.3 Necromancy


You had one spell level left.
You knew the following spells:

 Your Spells              Type           Power      Damage    Failure   Level
a - Necrotise             Necr           84%        1d8       2%          1
b - Vampiric Draining     Necr           21%        2d7       8%          3
c - Animate Dead          Necr           21%        N/A       26%         4

Your spell library contained the following spells:

 Spells                   Type           Power      Damage    Failure   Level
 Agony                    Necr           21%        N/A       58%         5


Dungeon Overview and Level Annotations

Branches:
Dungeon (3/15)

Altars:

Annotations:
D:3 Ijyb


Innate Abilities, Weirdness & Mutations

You are partially covered in thin metallic scales. (AC +2)
Your touch may inflict irresistible damage on your foes.


Message History

Confirm with . or Enter, or press ? or * to list all spells.
Aiming: Vampiric Draining (dangerous; 9% risk of failure)
Press: ? - help, Shift-Dir - straight line, f/p - adder
Aim: an adder (almost dead)
You draw life force from the adder.
You kill the adder!
You feel life coursing into your body.
You feel sick.
Ijyb zaps a wand.
The roots erupt in riotous growth!
The grasping roots grab you! The grasping roots constrict you.
* * * LOW HITPOINT WARNING * * *
You hear a shout!
Unknown command.
The roots grasp on you weakens, but your attempt to escape fails.
* * * LOW HITPOINT WARNING * * *
You feel sick. The grasping roots constrict you.
* * * LOW HITPOINT WARNING * * *
The grasping roots release their grip on you.
You feel better.
Ijyb screams, "It's all mine!"
Ijyb hits you with a +0 club.
* * * LOW HITPOINT WARNING * * *
Casting: Vampiric Draining (dangerous; 8% risk of failure)
Confirm with . or Enter, or press ? or * to list all spells.
Aiming: Vampiric Draining (dangerous; 8% risk of failure)
Press: ? - help, Shift-Dir - straight line, f - Ijyb
Aim: Ijyb, wielding a +0 club, wearing a +0 leather armour and carrying a wand of roots (7)
You draw life force from Ijyb.
You feel life coursing into your body.
Ijyb zaps a wand.
The roots erupt in riotous growth!
The grasping roots grab you!
Ijyb is unaffected.
The grasping roots constrict you.
* * * LOW HITPOINT WARNING * * *
Unknown command.
Casting: Vampiric Draining (dangerous; 8% risk of failure)
Confirm with . or Enter, or press ? or * to list all spells.
Aiming: Necrotise (safe; 2% risk of failure)
Press: ? - help, Shift-Dir - straight line, f/p - Ijyb
Aim: Ijyb, wielding a +0 club, wearing a +0 leather armour and carrying a wand of roots (6) (lightly wounded, chance to affect: 85%) Ijyb writhes in agony.
Ijyb hits you with a +0 club.
You die...

## [.. .... .....
....) ..... ...
########## #
#.@g...... #.########
#.#### .# #....# #.#
#....###########.##
#.................#
#.##.................
#...................#
#######.......))....#


You could see Ijyb.

Vanquished Creatures
  Jessica (D:2)
  3 adders
  A dart slug (D:1)
  7 orcs (D:3)
  6 endoplasms
  3 giant cockroaches
  6 goblins
  6 hobgoblins
  4 jackals (D:1)
  3 quokkas
  2 ball pythons
  3 bats
  2 frilled lizards
  8 kobolds
  9 rats
64 creatures vanquished.

Vanquished Creatures (collateral kills)
  An endoplasm (D:1)
  A hobgoblin (D:1)
  2 goblins (D:2)
4 creatures vanquished.

Grand Total: 68 creatures vanquished

Notes
Turn   | Place    | Note
-------+----------+-------------------------------------------
     0 | D:1      | mathmaestro the Demonspawn Necromancer began the quest for
                  | the Orb.
     0 | D:1      | Reached XP level 1. HP: 13/13 MP: 3/3
   159 | D:1      | Gained mutation: Your touch may inflict minor irresistible
                  | damage on your foes. [demonic ancestry]
   159 | D:1      | Reached XP level 2. HP: 11/20 MP: 0/5
   443 | D:1      | Reached skill level 1 in Fighting
   497 | D:1      | Found a faded altar of an unknown god.
   618 | D:1      | Gained mutation: Your touch may inflict irresistible damage
                  | on your foes. [demonic ancestry]
   618 | D:1      | Reached XP level 3. HP: 26/26 MP: 0/6
   622 | D:1      | Learned a level 3 spell: Vampiric Draining
  1148 | D:2      | Noticed Jessica
  1156 | D:2      | Killed Jessica
  1157 | D:2      | Reached skill level 5 in Necromancy
  1157 | D:2      | Gained mutation: You are partially covered in thin metallic
                  | scales. (AC +2) [demonic ancestry]
  1157 | D:2      | Reached XP level 4. HP: 22/33 MP: 1/8
  2125 | D:2      | Learned a level 4 spell: Animate Dead
  2535 | D:3      | Noticed Ijyb
  2545 | D:3      | Slain by Ijyb

Illustrated notes

Levels and vault maps discovered:
D:1:      lightli_arrival_quake, layout_basic, hellmonk_ecumenical_altar_blasted
D:2:      layout_loops_corners, minmay_misc_feat_pillars, uniq_jessica
D:3:      layout_basic, uniq_ijyb

Skill      XL: |  1  2  3  4 |
---------------+-------------+-----
Stealth        | 2 |  2.0
Dodging        | 2 |  2.0
Fighting       | 1 2 |  2.4
Necromancy     | 5 |  5.3
Spellcasting   | 3 |  3.0

Action                   |  1- 3 |  4- 6 || total
-------------------------+-------+-------++-------
Melee: Club              |     4 |       ||     4
       Dagger            |    22 |    18 ||    40
       Touch             |     6 |     3 ||     9
 Cast: Necrotise         |    45 |    43 ||    88
       Vampiric Draining |       |     2 ||     2
  Use: Potion            |     1 |     1 ||     2
 Stab: Sleeping          |     3 |     2 ||     5
       Distracted        |       |     1 ||     1
Armor: Robe              |     5 |     6 ||    11
       Leather armour    |       |     3 ||     3
Dodge: Dodged            |    37 |    10 ||    47

Table legend: (Time is in decaauts)
 A = Elapsed time spent in this place.
 B = Non-inter-level travel time spent in this place.
 C = Inter-level travel time spent in this place.
 D = Time resting spent in this place.
 E = Time spent auto-exploring this place.
 F = Levels seen in this place.
 G = Mean time per level.
                   A        B        C        D        E       F      G
               +--------+--------+--------+--------+--------+-----+--------+
         Total |   2544 |   2451 |     93 |    358 |   1613 |   3 |  848.0 |
       Dungeon |   2544 |   2451 |     93 |    358 |   1613 |   3 |  848.0 |
               +--------+--------+--------+--------+--------+-----+--------+

Top non-repeatable levels by time:
     D:1: 1134 daAuts
     D:2: 1028 daAuts
     D:3: 381 daAuts
